Map: Blackpink LE

Players

Solar - Winner!

  • Race: Zerg Zerg
  • League: Master
  • Spawn Location: 1:00

Elazer

  • Race: Zerg Zerg
  • Spawn Location: 7:00

Event: Memes & Dreams Invitational

VOD

Have the link to the VOD?

Description

Time

  • Played on: April 15, 2018, 3:44 a.m.
  • Length: 6:33

All games in this series

Show
View Real Time Build Order
Export as new Build Order

Solar Zerg - Winner!

Build Orders: Hatch First 

Get SALT Encoding   

  12  0:01  Drone  
  13  0:12  Overlord  
  13  0:17  Drone  
  14  0:31  Drone x2  
  16  0:48  Hatchery  
  15  0:51  Drone  
  15  0:54  Drone  
  17  0:58  Drone  
  18  1:05  Extractor  
  17  1:14  Spawning Pool  
  17  1:16  Drone  
  17  1:20  Drone  
  18  1:29  Drone  
  19  1:40  Drone  
  20  1:49  Overlord  
  20  2:01  Drone, Queen x2  
  21  2:02  Zergling x2  
  21  2:06  Metabolic Boost  
  26  2:12  Drone x2  
  28  2:30  Hatchery  
  28  2:32  Drone  
  28  2:35  Drone  
  29  2:37  Drone  
  29  2:43  Baneling Nest  
  29  2:45  Zergling x2  
  29  2:51  Drone  
  31  2:53  Overlord  
  31  2:56  Drone  
  32  3:00  Drone  
  32  3:05  Drone  
  34  3:06  Drone  
  34  3:10  Drone  
  36  3:13  Zergling x6  
  36  3:15  Drone  
  36  3:16  Drone  
  41  3:20  Overlord  
  41  3:24  Drone  
  42  3:28  Baneling x2  
  42  3:31  Zergling x2  
  42  3:33  Drone  
  44  3:39  Queen  
  46  3:43  Drone  
  46  3:44  Zergling x2  
  46  3:45  Drone x3, Zergling x2  
  46  3:47  Drone  
  53  3:48  Drone  
  53  3:54  Zergling x2  
  54  3:56  Zergling x2  
  54  3:58  Overlord  
  54  4:04  Drone  
  54  4:08  Roach Warren  
  54  4:09  Drone  
  55  4:10  Drone  
  55  4:12  Extractor  
  55  4:14  Drone x2, Evolution Chamber  
  55  4:15  Drone  
  55  4:16  Drone  
  55  4:17  Baneling  
  58  4:19  Zergling x2  
  58  4:21  Lair  
  59  4:24  Drone  
  59  4:25  Drone, Extractor  
  59  4:28  Drone  
  61  4:33  Drone  
  61  4:36  Drone  
  61  4:39  Drone  
  61  4:43  Overlord  
  63  4:45  Drone  
  63  4:46  Drone x2  
  63  4:47  Drone  
  66  4:54  Overlord  
  66  4:56  Extractor, Overlord  
  66  4:57  Overlord  
  66  4:59  Drone  
  65  5:01  Drone  
  65  5:04  Drone  
  65  5:06  Overlord  
  65  5:08  Roach x3  
  65  5:12  Roach x2  
  73  5:17  Roach x3  
  73  5:18  Roach  
  81  5:24  Zergling x2, Roach  
  81  5:27  Roach  
  86  5:30  Overlord  
  86  5:31  Roach  
  86  5:34  Roach  
  92  5:35  Roach  
  92  5:36  Roach  
  92  5:38  Overlord  
  92  5:40  Roach  
  92  5:41  Roach  
  98  5:47  Roach x3  
  103  5:51  Roach  
  103  5:52  Roach  
  103  5:55  Overlord  
  106  5:58  Roach x2  
  106  6:03  Roach  
  111  6:10  Roach x2  
  103  6:13  Roach  
Show
View Real Time Build Order
Export as new Build Order

Elazer Zerg 

Build Orders: Hatch First 

Get SALT Encoding   

  12  0:01  Drone  
  13  0:12  Overlord  
  13  0:17  Drone  
  14  0:30  Drone  
  14  0:31  Drone  
  16  0:47  Hatchery  
  15  0:50  Drone  
  15  0:54  Drone  
  17  0:57  Drone  
  18  1:07  Extractor  
  17  1:12  Spawning Pool  
  17  1:15  Drone  
  17  1:18  Drone  
  18  1:28  Drone  
  19  1:38  Drone  
  20  1:49  Overlord  
  20  1:59  Zergling x2, Queen x2  
  20  2:00  Drone  
  26  2:07  Metabolic Boost  
  26  2:10  Drone  
  26  2:11  Drone  
  28  2:20  Drone  
  28  2:21  Drone  
  30  2:33  Drone x2  
  32  2:40  Hatchery  
  31  2:45  Baneling Nest  
  31  2:47  Overlord  
  30  2:53  Drone  
  30  2:55  Drone  
  30  2:58  Zergling x2  
  33  3:06  Drone  
  33  3:07  Drone, Overlord  
  33  3:11  Queen  
  37  3:17  Zergling x4  
  37  3:18  Zergling x2  
  39  3:27  Drone x2  
  39  3:31  Drone  
  42  3:36  Drone  
  42  3:38  Evolution Chamber  
  42  3:40  Drone x4  
  46  3:43  Drone  
  46  3:45  Overlord  
  46  3:46  Drone  
  48  3:50  Baneling x2  
  48  3:54  Queen  
  50  4:01  Extractor  
  47  4:03  Extractor  
  47  4:05  Queen, Roach Warren  
  47  4:08  Zergling x2  
  48  4:12  Drone x3  
  48  4:13  Drone  
  48  4:16  Baneling x2  
  52  4:17  Drone  
  53  4:27  Drone x2  
  54  4:48  Roach x5  
  64  4:54  Overlord x2  
  64  4:58  Zergling x2  
  65  5:04  Roach  
  65  5:05  Roach  
  64  5:12  Roach x6  
  75  5:14  Roach x3  
  75  5:19  Overlord  
  81  5:22  Zergling x2  
  81  5:38  Zergling x14  
  81  5:40  Ravager  
  89  5:45  Overlord  
  89  5:48  Overlord  
  88  6:02  Drone x4  
  89  6:07  Drone  
  89  6:11  Drone x2  
  81  6:13  Roach x7  
Tags
 
Add a new tag
Caveats
  • Supply blocks, unpowered buildings, or Contaminate may cause inaccurate times.
  • Supply counts are checked every 10 seconds.